 Dungeon Crawl Stone Soup version 0.30-a0-377-g5cb311bc9f (webtiles) character file.

Game seed: 14378835354988764320

2751 themarg the Destroyer (level 9, -4/64 HPs)
             Began as a Pale Draconian Conjurer on Nov 30, 2022.
             Was an Initiate of Vehumet.
             Slain by Joseph
             ... wielding a +0 quarterstaff
              (13 damage)
             ... on level 7 of the Dungeon.
             The game lasted 00:23:14 (8010 turns).

themarg the Destroyer (Pale Draconian Conjurer)     Turns: 8010, Time: 00:23:15

Health: -4/64      AC:  7    Str: 10    XL:     9   Next: 41%
Magic:  1/16       EV: 12    Int: 22    God:    Vehumet [......]
Gold:   99         SH:  0    Dex: 10    Spells: 6/18 levels left

rFire   . . .      SeeInvis .    e - +0 short sword (venom)
rCold   . . .      Faith    .    (no shield)
rNeg    . . .      Spirit   .    (body armour unavailable)
rPois   .          Reflect  .    (helmet restricted)
rElec   .          Harm     .    (no cloak)
rCorr   .          Rampage  .    (no gloves)
Will    +....                    (no boots)
Stlth   ++........               (no amulet)
HPRegen 0.30/turn                i - +4 ring of slaying
MPRegen 0.15/turn                r - ring of willpower

@: no status effects
A: breathe steam, AC +7, unfitting armour, cold-blooded, steam resistance
a: Breathe Steam, Renounce Religion


You were on level 7 of the Dungeon.
You worshipped Vehumet.
Vehumet was noncommittal.
You visited 2 branches of the dungeon, and saw 8 of its levels.
You also visited: Sewer.

You collected 280 gold pieces.
You spent 181 gold pieces at shops.

Inventory:

Hand Weapons
 e - a +0 short sword of venom (weapon)
 j - a +1 dagger of flaming
Missiles
 f - 60 stones
 q - 10 poisoned darts
 s - a curare-tipped dart
 A - 5 boomerangs
 B - 5 silver boomerangs
Armour
 E - a +0 buckler
Jewellery
 i - a +4 ring of slaying (left hand)
 n - an amulet of faith
 r - a ring of willpower (right hand)
 x - a ring of willpower
 F - a ring of protection from cold
Scrolls
 c - a scroll of amnesia
 d - 3 scrolls of fear
 h - 6 scrolls of teleportation
 l - a scroll of silence
 m - 2 scrolls of immolation
 o - a scroll of butterflies
 p - 3 scrolls of blinking
 w - a scroll of poison
 y - 2 scrolls of noise {unknown}
 z - a scroll of enchant armour
Potions
 a - a potion of magic
 b - 2 potions of degeneration
 g - 2 potions of might
 k - 4 potions of attraction
 t - a potion of heal wounds
 u - 3 potions of flight
 v - 2 potions of curing
 C - a potion of mutation {unknown}
 D - a potion of invisibility {unknown}
 G - a potion of lignification {unknown}


   Skills:
 + Level 1.3 Fighting
 + Level 2.2 Dodging
 - Level 3.0 Stealth
 + Level 1.2 Shields
 - Level 5.0 Spellcasting
 - Level 10.0 Conjurations
 - Level 3.0 Hexes
 - Level 5.6 Translocations


You had 6 spell levels left.
You knew the following spells:

 Your Spells              Type           Power      Damage    Failure   Level
a - Magic Dart            Conj           100%       1d8       1%          1
b - Searing Ray           Conj           98%        2d8       1%          2
c - Fulminant Prism       Conj/Hex       17%        3d10      7%          4
d - Lightning Bolt        Conj/Air       13%        1d27      34%         5

Your spell library contained the following spells:

 Spells                   Type           Power      Damage    Failure   Level
 Dazzling Flash           Conj/Hex       68%        N/A       1%          3
 Iskenderun's Mystic Bla  Conj/Tloc      40%        2d9       4%          4
 Airstrike                Air            2%         2d(1-17)  69%         4
 Summon Lightning Spire   Summ/Air       5%         N/A       69%         4


Dungeon Overview and Level Annotations

Branches:
Dungeon (7/15)             Temple (1/1) D:6           Sewer (visited)

Altars:
Ashenzari
Cheibriados
Dithmenos
Elyvilon
Gozag
Kikubaaqudgha
Makhleb
Okawaru
Qazlal
Ru
Sif Muna
Trog
Uskayaw
Vehumet
Wu Jian
Xom
Zin

Shops:
D:4 ?   D:6 *

Annotations:
D:7 Joseph
Temple 2 transporters


Innate Abilities, Weirdness & Mutations

You can breathe blasts of scalding, opaque steam.
Your pale cyan-grey scales are hard. (AC +7)
You cannot fit into any form of body armour.
You are cold-blooded and may be slowed by cold attacks.
You are immune to the effects of steam.


Message History

Aim: Joseph, wielding a +0 sling of flaming and wearing a +0 leather armour (lightly wounded, 83% to hit)
The searing ray hits Joseph!
Joseph is lightly wounded. (Press . to maintain the ray.)
The searing ray hits Joseph!
Joseph is moderately wounded.
The searing ray hits Joseph!
Joseph is heavily wounded.
The searing ray misses Prince Ribbit.
Joseph shoots a sling bullet.
The sling bullet hits you! The sling bullet burns you!
* * * LOW HITPOINT WARNING * * *
Prince Ribbit blinks!
The searing ray hits Joseph.
Joseph is heavily wounded.
You finish channelling your searing ray.
Casting: Searing Ray (safe; 1% risk of failure)
Confirm with . or Enter, or press ? or * to list all spells.
Aiming: Searing Ray (safe; 1% risk of failure)
Press: ? - help, Shift-Dir - straight line, f/p - Joseph
Aim: Joseph, wielding a +0 sling of flaming and wearing a +0 leather armour (heavily wounded, 83% to hit)
The searing ray hits Joseph!
Joseph is severely wounded.
The searing ray hits Prince Ribbit!
Prince Ribbit is almost dead. (Press . to maintain the ray.) Joseph unwields a +0 sling of flaming.
It stops flaming.
Joseph wields a +0 quarterstaff.
Joseph hits you but does no damage.
The searing ray hits Joseph.
Joseph is severely wounded.
The searing ray hits Prince Ribbit.
You kill Prince Ribbit!
Vehumet accepts your kill.
Prince Ribbit returns to his original shape as he dies.
Joseph hits you with a +0 quarterstaff!
* * * LOW HITPOINT WARNING * * *
Your Fighting skill increases to level 1!
Your Dodging skill increases to level 2!
Your Shields skill increases to level 1!
The searing ray misses Joseph.
Joseph hits you with a +0 quarterstaff!
You die...

. #.#
....
$..@§####
........#
#.# #†#
#@# #@#
#.# #<#
#.# #.#
#.# #.#
#.# ..#


You could see Joseph.

Vanquished Creatures
  Prince Ribbit (D:7)
  Eustachio (D:5)
  2 water moccasins (D:5)
  A sky beast (D:6)
  2 black bears
  An ogre (D:5)
  An ice beast (D:6)
  A centaur (D:6)
  Blork the orc (D:4)
  A phantom (D:6)
  A bullfrog (D:6)
  A kobold brigand (Sewer)
  2 necrophages
  4 scorpions
  5 killer bees (D:4)
  A howler monkey (D:5)
  6 hounds
  3 orc priests
  A gnoll bouda (D:5)
  4 iguanas
  Natasha (twice) (D:2)
  Robin (D:2)
  6 adders
  12 gnolls
  A river rat (Sewer)
  A shadow imp (D:6)
  3 worms
  5 dart slugs
  6 orcs
  12 ball pythons
  6 endoplasms
  4 giant cockroaches
  18 goblins
  14 hobgoblins
  5 jackals
  10 quokkas
  9 bats
  2 frilled lizards
  9 kobolds
  7 rats
173 creatures vanquished.

Vanquished Creatures (others)
  5 plants (D:7)
5 creatures vanquished.

Grand Total: 178 creatures vanquished

Notes
Turn   | Place    | Note
-------+----------+-------------------------------------------
     0 | D:1      | themarg the Draconian Conjurer began the quest for the Orb.
     0 | D:1      | Reached XP level 1. HP: 14/14 MP: 3/3
   200 | D:1      | Reached XP level 2. HP: 20/20 MP: 0/5
   203 | D:1      | Learned a level 2 spell: Searing Ray
   886 | D:1      | Reached XP level 3. HP: 24/26 MP: 0/6
  1132 | D:2      | Noticed Robin
  1546 | D:2      | Killed Robin
  1764 | D:2      | Reached XP level 4. HP: 33/33 MP: 4/8
  1884 | D:2      | Found a faded altar of an unknown god.
  2112 | D:2      | Noticed Natasha
  2127 | D:2      | Killed Natasha
  2427 | D:2      | Noticed Natasha
  2431 | D:2      | Killed Natasha
  2432 | D:2      | Reached skill level 5 in Conjurations
  2432 | D:2      | Reached XP level 5. HP: 38/38 MP: 5/10
  3058 | D:3      | Found a glowing drain.
  3064 | Sewer    | Entered a sewer
  3355 | Sewer    | Found a glowing silver altar of Zin.
  3555 | D:3      | Reached XP level 6. HP: 45/45 MP: 7/12
  4042 | D:4      | Noticed Blork the orc
  4287 | D:4      | Reached skill level 6 in Conjurations
  4442 | D:4      | Your scales start taking on a pale cyan-grey colour.
  4442 | D:4      | Reached XP level 7. HP: 39/50 MP: 2/14
  4442 | D:4      | Gained mutation: You are immune to the effects of steam.
                  | [Pale Draconian growth]
  4444 | D:4      | Reached skill level 5 in Spellcasting
  4970 | D:4      | Found Zusteatt's Magic Scroll Shop.
  5011 | D:4      | Bought a scroll of teleportation for 33 gold pieces
  5014 | D:4      | Bought a scroll of amnesia for 44 gold pieces
  5014 | D:4      | Bought a scroll of identify for 22 gold pieces
  5014 | D:4      | Bought a scroll of enchant armour for 82 gold pieces
  5059 | D:4      | Killed Blork the orc
  5060 | D:4      | Reached skill level 7 in Conjurations
  5060 | D:4      | Reached skill level 1 in Hexes
  5060 | D:4      | Reached skill level 1 in Translocations
  5398 | D:5      | Entered Level 5 of the Dungeon
  5545 | D:5      | Reached XP level 8. HP: 57/57 MP: 8/15
  5883 | D:5      | Reached skill level 8 in Conjurations
  6507 | D:5      | Noticed Eustachio
  6527 | D:5      | Killed Eustachio
  6528 | D:5      | Reached skill level 9 in Conjurations
  6956 | D:6      | Found a sacrificial altar of Ru.
  7036 | D:6      | Found a staircase to the Ecumenical Temple.
  7109 | D:6      | Reached XP level 9. HP: 58/62 MP: 7/16
  7134 | Temple   | Entered the Ecumenical Temple
  7134 | Temple   | Found a transporter.
  7134 | Temple   | Found a transporter.
  7170 | Temple   | Found a transporter.
  7170 | Temple   | Found a transporter.
  7185 | Temple   | Became a worshipper of Vehumet
  7301 | D:6      | Found Suloaxan's Assorted Antiques.
  7468 | D:6      | Found a shimmering altar of Xom.
  7497 | D:6      | Reached skill level 5 in Translocations
  7534 | D:6      | Reached skill level 10 in Conjurations
  7924 | D:6      | Learned a level 4 spell: Fulminant Prism
  7930 | D:6      | Learned a level 5 spell: Lightning Bolt
  7992 | D:7      | Noticed Prince Ribbit
  7994 | D:7      | Noticed Joseph
  8009 | D:7      | Killed Prince Ribbit
  8010 | D:7      | Reached skill level 1 in Fighting
  8010 | D:7      | Reached skill level 1 in Shields
  8010 | D:7      | Slain by Joseph

Illustrated notes

Levels and vault maps discovered:
D:1:      lightli_arrival_boilingwater, layout_loops_cross
D:2:      layout_rooms, ebering_ecumenical_altar_mist, uniq_natasha, uniq_robin
D:3:      layout_basic, gup_sewer_entry_bubbles, hangedman_decor_growths
D:4:      layout_loops_ring, serial_shops, shop_scrolls, corexii_corridor_pit,
          kennysheep_generic_room_8, uniq_blork_the_orc
D:5:      layout_basic, st_stairs_4, uniq_eustachio
D:6:      layout_basic, tgw_xom, nicolae_ru_sacrificial_ziggurat,
          minmay_temple_entry_proselytizer, serial_shops, shop
D:7:      layout_loops_ring, kennysheep_mini, serial_bayou_lagoon_a,
          chequers_serial_rivers_micro_e, st_stairs_13, uniq_prince_ribbit1,
          uniq_joseph
Temple:   hellmonk_temple_divided_pantheon

Skill      XL: |  1  2  3  4  5  6  7  8  9 |
---------------+----------------------------+-----
Stealth        | 2 3 |  3.0
Spellcasting   | 3 4 5 |  5.0
Conjurations   | 5 6 7 9 10 | 10.0
Hexes          | 2 3 |  3.0
Translocations | 2 4 5 |  5.6
Fighting       | 1 |  1.3
Dodging        | 2 |  2.2
Shields        | 1 |  1.2

Action                   |  1- 3 |  4- 6 |  7- 9 || total
-------------------------+-------+-------+-------++-------
Melee: Unarmed           |     4 |       |       ||     4
       Short sword       |     4 |    30 |     9 ||    43
       Tailslap          |     1 |     3 |     1 ||     5
       Punch             |     1 |       |     1 ||     2
 Cast: Magic Dart        |    59 |    59 |    40 ||   158
       Searing Ray       |    13 |    30 |    56 ||    99
  Use: Scroll            |       |     5 |     4 ||     9
 Stab: Sleeping          |       |     2 |       ||     2
Armor: Skin              |     5 |    14 |    17 ||    36
Dodge: Dodged            |     6 |    45 |    49 ||   100

Table legend: (Time is in decaauts)
 A = Elapsed time spent in this place.
 B = Non-inter-level travel time spent in this place.
 C = Inter-level travel time spent in this place.
 D = Time resting spent in this place.
 E = Time spent auto-exploring this place.
 F = Levels seen in this place.
 G = Mean time per level.
                   A        B        C        D        E       F      G
               +--------+--------+--------+--------+--------+-----+--------+
         Total |   8086 |   7810 |    276 |   1275 |   5050 |   9 |  898.4 |
       Dungeon |   7658 |   7382 |    276 |   1131 |   4858 |   7 | 1094.0 |
        Temple |     68 |     68 |      0 |      0 |     39 |   1 |   68.0 |
         Sewer |    359 |    359 |      0 |    144 |    152 |   1 |  359.0 |
               +--------+--------+--------+--------+--------+-----+--------+

Top non-repeatable levels by time:
     D:4: 1533 daAuts
     D:5: 1443 daAuts
     D:2: 1318 daAuts
     D:1: 1203 daAuts
     D:3: 1142 daAuts
     D:6: 994 daAuts
   Sewer: 359 daAuts
  Temple: 68 daAuts
     D:7: 22 daAuts
